 Dungeon Crawl Stone Soup version 0.24-a0-530-g18ba70b5 (webtiles) character file.

Game seed: 12114046234488653676

788 thomd the Spear-Bearer (level 8, -6/58 HPs)
             Began as a Formicid Abyssal Knight on Aug 8, 2019.
             Was a Believer of Lugonu.
             Mangled by an orc wizard
             ... wielding a +1 dagger of electrocution
              (8 damage)
             ... on level 5 of the Dungeon.
             The game lasted 00:15:44 (4601 turns).

thomd the Spear-Bearer (Formicid Abyssal Knight)    Turns: 4601, Time: 00:15:45

Health: -6/58      AC:  8    Str: 19    XL:     8   Next: 12%
Magic:  9/9        EV:  9    Int: 12    God:    Lugonu [**....]
Gold:   258        SH:  0    Dex: 10    Spells: 7/7 levels left

rFire    . . .     SeeInvis +   v - +0 scythe
rCold    . . .     Gourm    .   (no shield)
rNeg     . . .     Faith    .   h - +1 scale mail
rPois    .         Spirit   .   (helmet unavailable)
rElec    .         Reflect  .   (no cloak)
rCorr    .         Harm     .   (no gloves)
MR       .....                  g - +0 pair of boots
Stlth    ..........             (no amulet)
HPRegen  0.19/turn              (no ring)
MPRegen  0.11/turn              (no ring)

@: no status effects
A: permanent stasis, dig shafts and tunnels, four strong arms, antennae 3
a: Dig, Shaft Self, Depart the Abyss, Bend Space, Renounce Religion


You were on level 5 of the Dungeon.
You worshipped Lugonu.
Lugonu was pleased with you.
You were hungry.

You visited 1 branch of the dungeon, and saw 6 of its levels.
You visited the Abyss 1 time.

You collected 258 gold pieces.

Inventory:

Hand Weapons
 a - a +1 spear
 m - a +0 hand axe of flaming
 s - the +4 flail "Cyrumyaw" {antimagic, +Blink MR+ Dex+5}
   (You found it on level 4 of the Dungeon)

   It reduces the magical energy of the wielder, and disrupts the spells and
   magical abilities of those hit.
   Natural abilities and divine invocations are not affected.
   It affects your dexterity (+5).
   It affects your resistance to hostile enchantments.
   It lets you blink.
 u - a +0 trident
 v - a +0 scythe (weapon)
 x - a +0 trident
Armour
 b - a +0 leather armour
 f - a +0 ring mail
 g - a +0 pair of boots (worn)
 h - a +1 scale mail (worn)
Jewellery
 l - an uncursed ring of stealth {unknown}
Scrolls
 d - a scroll of remove curse
 j - 2 scrolls of teleportation
 k - a scroll of magic mapping
 o - 2 scrolls of amnesia
 p - 2 scrolls of identify
 w - 2 scrolls of fog {unknown}
Potions
 e - a potion of ambrosia {unknown}
 i - a potion of agility {unknown}
 n - 3 potions of lignification
 q - a potion of curing
 r - a potion of might {unknown}
 t - 3 potions of flight
Comestibles
 c - 5 rations


   Skills:
 - Level 3.2 Fighting
 + Level 8.8 Polearms
 - Level 2.1 Armour
 - Level 0.8 Dodging
 - Level 2.1 Invocations


You had 7 spell levels left.
You didn't know any spells.
Your spell library contained the following spells:

 Spells                   Type           Power        Failure   Level  Hunger
 Summon Small Mammal      Summ           #...         69%         1    ##.....
 Call Imp                 Summ           #.......     83%         2    ###....
 Call Canine Familiar     Summ           #.......     96%         3    ####...
 Summon Guardian Golem    Hex/Summ       #.......     96%         3    ####...
 Summon Ice Beast         Ice/Summ       #.......     100%        4    #####..
 Summon Lightning Spire   Summ/Air       #.......     100%        4    #####..


Dungeon Overview and Level Annotations

Branches:
Dungeon (6/15)
 Temple: D:4-7

Altars:
Elyvilon
Gozag
Hepliaklqana
Kikubaaqudgha
Qazlal
Sif Muna

Annotations:
D:3 1 runed translucent door, Crazy Yiuf
D:5 Dowan, Duvessa


Innate Abilities, Weirdness & Mutations

You cannot be hasted, slowed, berserked, paralysed or teleported.
You can dig through walls and to a lower floor.
Your four strong arms can wield two-handed weapons with a shield.
You have a pair of large antennae on your head. (SInv)


Message History

You are electrocuted!
You are too injured to fight recklessly!
You closely miss the orc wizard.
The orc wizard is lightly wounded.
The orc wizard closely misses you.
The orc wizard hits you but does no damage. x2
Your scale mail prevents you from hitting the orc wizard.
The orc wizard is lightly wounded.
The orc wizard closely misses you.
The orc wizard hits you with a +1 dagger of electrocution.
You are electrocuted!
* * * LOW HITPOINT WARNING * * *
You slash the orc wizard!
The orc wizard is severely wounded.
The orc wizard casts a spell at you. The puff of flame hits you.
* * * LOW HITPOINT WARNING * * *
The orc wizard hits you but does no damage.
You are electrocuted!
You die...

#.8.#≈≈..##..##..##.#
#####≈≈.............#
≈≈≈≈≈≈≈.#######.#####
≈≈≈≈≈≈≈.........####
..........#####.##.#
..##......# #.##.# .
#......#####....#
#.........#####.#
##.#@########.#.#
.......o.........#.#
#.###.#..#.#####.#.#
....... #.......# ###
#.#.##.###.###
#.#.##.#.#.#
#....#.#...#
#...##.#.### # #.#.#


You could see an orc wizard.

Vanquished Creatures
  Sigmund (D:3)
  A sky beast (D:3)
  A phantom (D:3)
  2 crimson imps
  2 bullfrog zombies
  A jelly (D:6)
  2 orc priests
  An orc wizard (D:3)
  Jessica (D:3)
  8 adders
  An ooze (D:3)
  An adder skeleton (D:4)
  5 worms
  2 dart slugs
  2 leopard geckos
  11 orcs
  9 bats
  7 giant cockroaches
  6 hobgoblins
  2 quokkas
  4 frilled lizards
  3 goblins
  5 kobolds
  2 leopard gecko skeletons (D:4)
  7 rats
87 creatures vanquished.

Notes
Turn   | Place    | Note
-------+----------+-------------------------------------------
     0 | Abyss:1  | thomd the Formicid Abyssal Knight began the quest for the
                  | Orb.
     0 | Abyss:1  | Reached XP level 1. HP: 18/18 MP: 2/2
     0 | D:1      | Escaped the Abyss
   249 | D:1      | Reached XP level 2. HP: 19/24 MP: 3/3
   385 | D:1      | Reached * piety under Lugonu
   385 | D:1      | Reached skill level 3 in Polearms
   690 | D:2      | Reached XP level 3. HP: 24/29 MP: 4/4
   951 | D:2      | Reached skill level 4 in Polearms
   951 | D:2      | Reached XP level 4. HP: 28/35 MP: 5/5
   961 | D:2      | Found an ancient bone altar of Kikubaaqudgha.
  1287 | D:2      | Reached XP level 5. HP: 36/41 MP: 6/6
  1763 | D:2      | Reached skill level 5 in Polearms
  1845 | D:3      | Found an opulent altar of Gozag.
  1911 | D:3      | Noticed a phantom
  1970 | D:3      | Killed a phantom
  1970 | D:3      | Reached XP level 6. HP: 32/47 MP: 7/7
  2134 | D:3      | Reached skill level 6 in Polearms
  2441 | D:3      | Noticed Sigmund
  2464 | D:3      | Killed Sigmund
  2464 | D:3      | Reached skill level 7 in Polearms
  2464 | D:3      | Reached XP level 7. HP: 3/52 MP: 8/8
  3010 | D:3      | Found a runed translucent door.
  3011 | D:3      | Noticed Crazy Yiuf
  3051 | D:3      | Found a hazy altar of Hepliaklqana.
  3076 | D:3      | Noticed Jessica
  3088 | D:3      | Killed Jessica
  3305 | D:3      | Reached skill level 8 in Polearms
  3509 | D:4      | Found a deep blue altar of Sif Muna.
  3509 | D:4      | Found a white marble altar of Elyvilon.
  3510 | D:4      | Found a stormy altar of Qazlal.
  3578 | D:4      | You fall into a shaft and drop 1 floor!
  3578 | D:5      | Entered Level 5 of the Dungeon
  3579 | D:5      | Noticed Duvessa
  3579 | D:5      | Noticed Dowan
  3593 | D:6      | Reached ** piety under Lugonu
  3861 | D:4      | Got an ichor-stained flail
  3862 | D:4      | Identified the +4 flail "Cyrumyaw" {antimagic, +Blink MR+
                  | Dex+5} (You found it on level 4 of the Dungeon)
  4043 | D:4      | Reached XP level 8. HP: 49/58 MP: 9/9
  4601 | D:5      | HP: 2/58 [orc wizard/puff of flame (2)]
  4601 | D:5      | Mangled by an orc wizard

Levels and vault maps discovered:
D:1:      saegor_arrival_simple_d, layout_rooms, moated_statue
D:2:      layout_basic, kiku_gazebo_pond_becter
D:3:      layout_basic, lemuel_doored_altar, nicolae_overflow_crystal_walls,
          minmay_fountain_box, uniq_jessica, uniq_sigmund,
          uniq_crazy_yiuf_cottage
D:4:      layout_gridville, grunt_temple_overflow_open
D:5:      layout_basic, lemuel_round_altar, first_ration,
          gammafunk_ghost_gnarly_gnolls, uniq_duvessa
D:6:      layout_rooms, vehumet_crystals, kennysheep_little_box,
          minmay_temple_entry_statues_pillars, serial_shops, shop,
          minmay_tree_intersection

Skill      XL: |  1  2  3  4  5  6  7 |
---------------+----------------------+-----
Polearms       | 3 4 5 7 8 |  8.8
Fighting       | |  3.2
Armour         | |  2.1
Dodging        | |  0.8
Invocations    | |  2.1

Action                   |  1- 3 |  4- 6 |  7- 9 || total
-------------------------+-------+-------+-------++-------
Melee: Spear             |   114 |   203 |       ||   317
       Trident           |       |    23 |       ||    23
       Scythe            |       |       |   110 ||   110
Invok: Depart the Abyss  |     1 |       |       ||     1
  Use: Potion            |     3 |     2 |       ||     5
       Scroll            |       |       |     9 ||     9
  Eat: Chunk             |       |     5 |     3 ||     8
       Ration            |       |       |     1 ||     1
Armor: Ring mail         |    33 |       |       ||    33
       Scale mail        |     7 |    37 |    55 ||    99
Dodge: Dodged            |    45 |    58 |    51 ||   154

Table legend:
 A = Non-vault XP
 B = Vault XP
 C = Vault XP percentage of total XP
 D = Non-vault monster count
 E = Vault monster count
 F = Vault count percentage of total count
                 A         B        C        D         E       F
            +---------+---------+-------+---------+---------+-------
      Total |     878 |     249 |  22.1 |      85 |       2 |   2.3
            +---------+---------+-------+---------+---------+-------
        D:1 |      20 |       0 |   0.0 |      11 |       0 |   0.0
        D:2 |     142 |       0 |   0.0 |      24 |       0 |   0.0
        D:3 |     423 |     249 |  37.1 |      31 |       2 |   6.1
        D:4 |     109 |       0 |   0.0 |      15 |       0 |   0.0
        D:5 |      97 |       0 |   0.0 |       2 |       0 |   0.0
        D:6 |      87 |       0 |   0.0 |       2 |       0 |   0.0
            +---------+---------+-------+---------+---------+-------
